 Dungeon Crawl Stone Soup version 0.31-a0-986-g5e6e4ef867 (webtiles) character file.

Game seed: 14260510671728969244

216 Persephone the Changeling (level 5, -1/34 HPs)
             Began as an Octopode Shapeshifter on Nov 7, 2023.
             Was an Initiate of Gozag.
             Slain by an ice beast (12 damage)
             ... on level 5 of the Dungeon.
             The game lasted 00:03:47 (2455 turns).

Persephone the Changeling (Octopode Shapeshifter)   Turns: 2455, Time: 00:03:47

Health: -1/34      AC:  1    Str: 15    XL:     5   Next: 93%
Magic:  5/5        EV:  8    Int: 12    God:    Gozag
Gold:   238        SH: 10    Dex: 12    Spells: 4/4 levels left

rFire   . .          .
                       - Unarmed
rCold   . . .        g - +0 tower shield
rNeg    . . .        (helmet currently unavailable)
rPois   +            d - amulet of regeneration
rElec   .            v - ring of poison resistance
rCorr   .            (no ring)
SInv    .            (no ring)
Will    .....        (no ring)
Stlth   +++          (no ring)
HPRegen 1.05/turn    (no ring)
MPRegen 0.09/turn    (no ring)
                     (no ring)

%: no passive effects
@: beast-form
A: beast (slay +2), almost no armour, amphibious, 8 rings, camouflage 1,
gelatinous body 1, (nimble swimmer 1), tentacles
a: Begin Untransformation, Renounce Religion, Potion Petition, Call Merchant,
Bribe Branch


You were on level 5 of the Dungeon.
You worshipped Gozag.
Gozag was aware of your devotion.
You were a hulking beast.
You visited 1 branch of the dungeon, and saw 5 of its levels.

You collected 266 gold pieces.
You paid 28 gold pieces to Gozag.

Inventory:

Missiles
 h - a throwing net
 t - 3 boomerangs
 u - 3 javelins (quivered)
Armour
 g - a +0 tower shield (worn)
Jewellery
 d - an amulet of regeneration (around mantle)
 i - an amulet of magic regeneration
 v - a ring of poison resistance (left tentacle)
Talismans
 b - a beast talisman
 c - a flux talisman
Wands
 j - a wand of flame (23)
Scrolls
 e - 4 scrolls of identify
 f - 4 scrolls of fear
 m - a scroll of amnesia {unknown}
 n - a scroll of teleportation {unknown}
 q - a scroll of vulnerability {unknown}
 s - a scroll of fog {unknown}
Potions
 a - a potion of lignification
 k - a potion of invisibility {unknown}
 l - a potion of might {unknown}
 o - a potion of curing {unknown}
 p - 2 potions of brilliance {unknown}
 r - a potion of mutation {unknown}


   Skills:
 - Level 2.2 Fighting
 - Level 2.0 Dodging
 + Level 3.6 Stealth
 - Level 3.0 Unarmed Combat
 * Level 5.0 Shapeshifting


You had 4 spell levels left.
You didn't know any spells.
Your spell library contained the following spells:

 Spells                   Type           Power      Damage    Failure   Level
 Sublimation of Blood     Necr           0%         N/A       100%        2
 Wereblood                Tmut           0%         N/A       100%        2
 Summon Hydra             Summ           0%         N/A       100%        7


Dungeon Overview and Level Annotations

Branches:
Dungeon (5/15)             Temple (0/1) D:4

Altars:
Ashenzari
Elyvilon
Gozag
Nemelex Xobeh
Vehumet
The Shining One

Shops:
D:4 :


Innate Abilities, Weirdness & Mutations

You are a hulking beast.
Your limbs bulge with bestial killing power. (Slay +2)
You cannot wear most types of armour.
You are amphibious.
You can wear up to eight rings at the same time.
Your skin changes colour to match your surroundings (Stealth+).
Your rubbery body absorbs attacks. (AC +1, EV +1)
((You are camouflaged when in or above water. (Stealth+)))
You have tentacles for arms and can constrict up to eight enemies at once.


Message History

You constrict the hound. The hound barely misses you. x2
You tentacle-slap the hound.
The hound is heavily wounded.
You constrict the hound.
The hound pauses to sniff the ground.
The hound closely misses you. You block the hound's attack.
You bludgeon the hound!
You kill the hound!
Your Shapeshifting skill increases to level 5!
You now have 238 gold pieces (gained 4).
Auto Kill stopped - Manually stopped
v - a ring of poison resistance
v - a ring of poison resistance (left tentacle) Starting script; Killing and exploring; No nearby monsters, exploring now Monster found; Killing and exploring; Evalutating dangerous sitituation Auto kill stopped - Too dangerous: Extremely Dangerous (1) Dangerous (0) Easy (0) Harmless (0)
An ice beast comes into view.
You throw a javelin.
The javelin hits the ice beast and shatters for extra damage.
The ice beast is moderately wounded.
You throw a javelin.
The javelin barely misses the ice beast.
You throw a javelin.
The javelin barely misses the ice beast.
You tentacle-slap the ice beast but do no damage.
Your squeeze misses the ice beast.
The ice beast is moderately wounded.
The ice beast hits you. The ice beast freezes you!
You tentacle-slap the ice beast. You squeeze the ice beast!
The ice beast is severely wounded.
You block the ice beast's attack.
You barely miss the ice beast.
The ice beast is severely wounded.
The ice beast hits you. The ice beast freezes you.
You block the ice beast's attack.
You tentacle-slap the ice beast but do no damage.
The ice beast is severely wounded.
The ice beast hits you. The ice beast freezes you!
You die...
Your body crumbles into a pile of gold.

...........## (.(..
...$..>........... .....
................#. .....
.... ............ ......
...####.........#
...#..#...............##
...?...#.....#........#
......Y....#.#........#
#h<.##.#####.<.##
##..###..#....###
#......#....###
#.####......## #.
###.....# #. .....#...#
#. .#######... .. #.#.#
......


You could see an ice beast.

Vanquished Creatures
  A scorpion (D:4)
  2 hounds
  An adder (D:3)
  2 worms
  3 dart slugs
  2 orcs
  7 ball pythons
  7 endoplasms
  A giant cockroach (D:2)
  7 goblins
  8 hobgoblins
  3 jackals (D:1)
  6 kobolds
  6 quokkas
  2 bats
  5 frilled lizards
  7 rats
70 creatures vanquished.

Notes
Turn   | Place    | Note
-------+----------+-------------------------------------------
     0 | D:1      | Persephone the Octopode Shapeshifter began the quest for
                  | the Orb.
     0 | D:1      | Reached XP level 1. HP: 13/13 MP: 1/1
    78 | D:1      | Reached XP level 2. HP: 16/18 MP: 2/2
   264 | D:1      | Reached XP level 3. HP: 24/24 MP: 3/3
   719 | D:2      | Reached skill level 1 in Stealth
   763 | D:2      | Found a white marble altar of Elyvilon.
  1122 | D:3      | Reached XP level 4. HP: 29/29 MP: 4/4
  1168 | D:3      | Found a glowing golden altar of the Shining One.
  1170 | D:3      | Found a white marble altar of Elyvilon.
  1205 | D:3      | Found a radiant altar of Vehumet.
  1219 | D:3      | Reached skill level 4 in Shapeshifting
  1354 | D:3      | Found a faded altar of an unknown god.
  1462 | D:3      | Found an opulent altar of Gozag.
  1462 | D:3      | Found a sparkling altar of Nemelex Xobeh.
  1566 | D:3      | Became a worshipper of Gozag Ym Sagoz the Greedy
  1816 | D:4      | Found a staircase to the Ecumenical Temple.
  1858 | D:4      | Noticed a scorpion
  1872 | D:4      | Killed a scorpion
  1873 | D:4      | Reached XP level 5. HP: 34/34 MP: 5/5
  2058 | D:4      | Found a broken altar of Ashenzari.
  2066 | D:4      | Found Engex's Book Shop.
  2407 | D:5      | Entered Level 5 of the Dungeon
  2437 | D:5      | Reached skill level 5 in Shapeshifting
  2448 | D:5      | Noticed an ice beast
  2455 | D:5      | Slain by an ice beast

Illustrated notes

Levels and vault maps discovered:
D:1:      lightli_arrival_statuegarden, layout_rooms, serial_glass,
          glass_columns_c, glass_columns_b, glass_columns_b, glass_columns_c,
          glass_columns_c, glass_columns_a, glass_columns_b, glass_columns_c,
          glass_columns_a, glass_columns_b, glass_columns_c, glass_columns_a,
          glass_columns_c, glass_columns_b, minmay_tall_x
D:2:      layout_rooms, basic_altar, minivault_23
D:3:      layout_loops_cross, grunt_temple_overflow_opulence,
          nicolae_vehumet_radiance, mainiacjoe_overflow_divided_tiny,
          basic_ecumenical_altar
D:4:      layout_cave_pools, mainiacjoe_overflow_cross_hatched,
          minmay_temple_entry_grid, serial_shops, shop
D:5:      layout_rooms

Skill      XL: |  1  2  3  4  5 |
---------------+----------------+-----
Stealth        | 1 3 |  3.6
Fighting       | 2 |  2.2
Shapeshifting  | 4 5 |  5.0
Dodging        | |  2.0
Unarmed Combat | |  3.0

Action                     |  1- 3 |  4- 6 || total
---------------------------+-------+-------++-------
  Melee: Unarmed           |    78 |    32 ||   110
         Constrict         |    22 |    10 ||    32
         Tentacles         |    18 |     5 ||    23
         Punch             |     1 |       ||     1
  Throw: Javelin           |       |     3 ||     3
  Evoke: Wand              |       |    21 ||    21
    Use: Scroll            |     3 |       ||     3
   Stab: Sleeping          |    10 |     5 ||    15
 Armour: Skin              |    27 |    12 ||    39
  Dodge: Dodged            |    29 |     9 ||    38
  Block: Tower shield      |     7 |    12 ||    19

Table legend: (Time is in decaauts)
 A = Elapsed time spent in this place.
 B = Non-inter-level travel time spent in this place.
 C = Inter-level travel time spent in this place.
 D = Time resting spent in this place.
 E = Time spent auto-exploring this place.
 F = Levels seen in this place.
 G = Mean time per level.
                   A        B        C        D        E       F      G
               +--------+--------+--------+--------+--------+-----+--------+
         Total |   2478 |   2263 |    215 |      0 |   1803 |   5 |  495.6 |
       Dungeon |   2478 |   2263 |    215 |      0 |   1803 |   5 |  495.6 |
               +--------+--------+--------+--------+--------+-----+--------+

Top non-repeatable levels by time:
     D:3: 726 daAuts
     D:1: 643 daAuts
     D:4: 546 daAuts
     D:2: 509 daAuts
     D:5: 53 daAuts
